 Dungeon Crawl Stone Soup version 0.31-a0-1059-g83d41fd8b6 (webtiles) character file.

Game seed: 13956532682875616898

42 Lusmu the Stinger (level 3, -4/21 HPs)
             Began as an Octopode Venom Mage on Nov 21, 2023.
             Slain by a cerulean imp
             ... wielding a +0 spear
             ... summoned by Natasha
              (5 damage)
             ... on level 2 of the Dungeon.
             The game lasted 00:05:38 (1749 turns).

Lusmu the Stinger (Octopode Venom Mage)             Turns: 1749, Time: 00:05:38

Health: -4/21      AC:  1    Str:  7    XL:     3   Next: 56%
Magic:  1/6        EV: 13    Int: 19    God:
Gold:   96         SH:  0    Dex: 12    Spells: 2/6 levels left

rFire   . . .        b - +0 short sword
rCold   . . .        (no shield)
rNeg    . . .        (helmet restricted)
rPois   .            g - amulet of the acrobat
rElec   .            (no ring)
rCorr   .            (no ring)
SInv    .            (no ring)
Will    .....        (no ring)
Stlth   +++          (no ring)
HPRegen 0.23/turn    (no ring)
MPRegen 0.10/turn    (no ring)
                     (no ring)

%: acrobat
@: no status effects
A: almost no armour, amphibious, 8 rings, camouflage 1, gelatinous body 1,
(nimble swimmer 1), tentacles
a: no special abilities


You were on level 2 of the Dungeon.
You visited 1 branch of the dungeon, and saw 2 of its levels.

You collected 96 gold pieces.

Inventory:

Hand Weapons
 b - a +0 short sword (weapon)
Jewellery
 g - an amulet of the acrobat (around mantle)
Scrolls
 c - 3 scrolls of identify {unknown}
Potions
 a - a potion of magic
 d - a potion of heal wounds {unknown}
 e - a potion of curing {unknown}
 f - a potion of degeneration {unknown}


   Skills:
 - Level 2.0 Dodging
 + Level 4.1 Stealth
 - Level 2.0 Spellcasting
 + Level 0.4 Conjurations
 - Level 1.0 Transmutations
 + Level 0.5 Air Magic
 + Level 4.4 Poison Magic


You had 2 spell levels left.
You knew the following spells:

 Your Spells              Type           Power      Damage    Failure   Level
a - Sting                 Tmut/Pois      48%        1d5       5%          1
b - Mephitic Cloud        Conj/Pois/Air  8%         N/A       24%         3

Your spell library contained the following spells:

 Spells                   Type           Power      Damage    Failure   Level
 Poisonous Vapours        Pois/Air       22%        N/A       10%         2
 Olgreb's Toxic Radiance  Pois           18%        N/A       26%         4


Dungeon Overview and Level Annotations

Branches:
Dungeon (2/15)

Altars:
Wu Jian

Shops:
D:1 *

Annotations:
D:2 Natasha, Sigmund


Innate Abilities, Weirdness & Mutations

You cannot wear most types of armour.
You are amphibious.
You can wear up to eight rings at the same time.
Your skin changes colour to match your surroundings (Stealth+).
Your rubbery body absorbs attacks. (AC +1, EV +1)
((You are camouflaged when in or above water. (Stealth+)))
You have tentacles for arms and can constrict up to eight enemies at once.


Message History

Casting: Sting (safe; 5% risk of failure)
Confirm with . or Enter, or press ? or * to list all spells.
Aiming: Sting (safe; 5% risk of failure)
Press: ? - help, Shift-Dir - straight line, f/p - Natasha
Aim: Natasha (lightly wounded, 64% to hit)
The sting hits Natasha.
Natasha is poisoned.
Natasha is moderately wounded.
Natasha completely misses you. The cerulean imp misses you.
Casting: Sting (safe; 5% risk of failure)
Confirm with . or Enter, or press ? or * to list all spells.
Aiming: Sting (safe; 5% risk of failure)
Press: ? - help, Shift-Dir - straight line, f/p - Natasha
Aim: Natasha (heavily wounded, poisoned, 64% to hit)
The sting misses Natasha.
The sting hits the cerulean imp but does no damage.
The cerulean imp is poisoned.
Natasha mumbles some strange words.
The cerulean imp hits you from afar with a +0 spear.
Casting: Sting (safe; 5% risk of failure)
Confirm with . or Enter, or press ? or * to list all spells.
Aiming: Sting (safe; 5% risk of failure)
Press: ? - help, Shift-Dir - straight line, f/p - Natasha
Aim: Natasha (heavily wounded, poisoned, 64% to hit)
The sting hits Natasha.
Natasha looks even sicker.
Natasha is heavily wounded.
Natasha claws you.
The cerulean imp hits you from afar with a +0 spear.
Casting: Sting (safe; 5% risk of failure)
Confirm with . or Enter, or press ? or * to list all spells.
Aiming: Sting (safe; 5% risk of failure)
Press: ? - help, Shift-Dir - straight line, f/p - Natasha
Aim: Natasha (severely wounded, very poisoned, 64% to hit)
The sting hits Natasha but does no damage.
Natasha looks even sicker.
Natasha is severely wounded.
Natasha stares at you and mumbles some strange words.
The magic dart hits you!
* * * LOW HITPOINT WARNING * * *
The cerulean imp hits you from afar with a +0 spear.
You die...

# #.# # #.######### ##
#.........# .# #.#######.#
#### #.# #.# ...# #.# #.#
...####### #.# #.#
...##....##########.# #.#
.........+...55h@...# #.#
≈..##....##################.#
≈#..........................#
##...###....#################
#.#....#....'..........#
.##§.###....##########.#
..#≈..........>.. #.#
###§.####..###.## #.# .#≈≈.#
#....#.# #.#


You could see Natasha (very poisoned) and 2 cerulean imps.

Vanquished Creatures
  An adder (D:2)
  3 ball pythons
  2 endoplasms (D:1)
  3 giant cockroaches
  6 hobgoblins
  6 kobolds
  3 quokkas (D:1)
  A frilled lizard (D:2)
  2 goblins (D:2)
  2 rats
29 creatures vanquished.

Notes
Turn   | Place    | Note
-------+----------+-------------------------------------------
     0 | D:1      | Lusmu the Octopode Venom Mage began the quest for the Orb.
     0 | D:1      | Reached XP level 1. HP: 11/11 MP: 3/3
   172 | D:1      | Reached XP level 2. HP: 17/17 MP: 3/5
   637 | D:1      | Found Zomoatz's Assorted Antiques.
   792 | D:1      | Reached XP level 3. HP: 21/21 MP: 4/6
   989 | D:2      | Learned a level 3 spell: Mephitic Cloud
  1075 | D:2      | Found a faded altar of an unknown god.
  1378 | D:2      | Noticed Sigmund
  1402 | D:2      | Found an ornate altar of the Wu Jian Council.
  1740 | D:2      | Noticed Natasha
  1749 | D:2      | HP: 1/21 [Natasha/magic dart (8)]
  1749 | D:2      | Slain by a cerulean imp

Illustrated notes

Levels and vault maps discovered:
D:1:      saegor_arrival_simple_c, layout_loops_ring, serial_shops,
          nicolae_shop_hallway_plus
D:2:      layout_basic, basic_altar, basic_ecumenical_altar,
          grunt_decor_junction, uniq_sigmund, uniq_natasha

Skill      XL: |  1  2  3 |
---------------+----------+-----
Stealth        | 3 4 |  4.1
Poison Magic   | 4 |  4.4
Dodging        | |  2.0
Spellcasting   | |  2.0
Conjurations   | |  0.4
Transmutations | |  1.0
Air Magic      | |  0.5

Action                     || total
---------------------------++-------
  Melee: Unarmed           ||     4
         Short sword       ||    25
         Tentacles         ||     6
         Constrict         ||     5
   Cast: Sting             ||    43
   Stab: Sleeping          ||     1
 Armour: Skin              ||    17
  Dodge: Dodged            ||    17

Table legend: (Time is in decaauts)
 A = Elapsed time spent in this place.
 B = Non-inter-level travel time spent in this place.
 C = Inter-level travel time spent in this place.
 D = Time resting spent in this place.
 E = Time spent auto-exploring this place.
 F = Levels seen in this place.
 G = Mean time per level.
                   A        B        C        D        E       F      G
               +--------+--------+--------+--------+--------+-----+--------+
         Total |   1748 |   1736 |     12 |    304 |   1004 |   2 |  874.0 |
       Dungeon |   1748 |   1736 |     12 |    304 |   1004 |   2 |  874.0 |
               +--------+--------+--------+--------+--------+-----+--------+

Top non-repeatable levels by time:
     D:1: 947 daAuts
     D:2: 800 daAuts
